 Dungeon Crawl Stone Soup version 0.17-a0-1570-g74b7129 (webtiles) character file.

1589 abixa the Cleaver (level 8, -11/66 HPs)
             Began as a Minotaur Gladiator on July 23, 2015.
             Was a Follower of Okawaru.
             Hit by a large rock thrown by a cyclops (23 damage)
             ... on level 6 of the Dungeon.
             The game lasted 00:21:50 (5360 turns).

abixa the Cleaver (Minotaur Gladiator)              Turns: 5360, Time: 00:21:51

Health: -11/66     AC: 13    Str: 21    XL:     8   Next: 61%
Magic:  0/7        EV: 11    Int:  5    God:    Okawaru [*.....]
Gold:   277        SH:  0    Dex: 12    Spells: 0 memorised, 7 levels left

rFire  . . .     SeeInvis .     a - +0 war axe
rCold  . . .     Clarity  .     m - +0 chain mail (curse)
rNeg   + . .     SustAt   .     (no shield)
rPois  +         Gourm    .     c - +0 hat
rElec  .         Spirit   +     z - +1 cloak
rCorr  .         Warding  .     (no gloves)
rMut   .         Stasis   .     (no boots)
MR     .....                    u - amulet of guardian spirit
Stlth  ..........               K - ring of positive energy
                                g - ring of poison resistance

@: heroism, not resistant to hostile enchantments, extremely unstealthy
A: retaliatory headbutt, horns 2
a: Heroism, Renounce Religion


You were on level 6 of the Dungeon.
You worshipped Okawaru.
Okawaru was aware of your devotion.
You were hungry.

You visited 2 branches of the dungeon, and saw 7 of its levels.

You collected 277 gold pieces.

Inventory:

Hand weapons
 a - a +0 war axe (weapon)
 b - a +0 blowgun
 i - a +0 trident
Missiles
 d - 3 throwing nets (quivered)
 f - 132 stones
 n - 83 poisoned needles
 r - 124 arrows
 w - 14 arrows of frost
 y - 5 needles of slowing
 D - 2 tomahawks
 F - 26 sling bullets
 O - 32 bolts
 P - 17 arrows of flame
Armour
 c - a +0 hat (worn)
 m - a cursed +0 chain mail (worn)
 z - a +1 cloak (worn)
 Q - a +0 leather armour of fire resistance
Jewellery
 g - a ring of poison resistance (left hand)
 h - a +4 ring of intelligence
 u - an amulet of guardian spirit (around neck)
 v - an uncursed amulet of warding
 K - a ring of positive energy (right hand)
Magical devices
 M - a wand of random effects (13)
 N - a wand of digging (11)
 U - a wand of fire (6)
Scrolls
 j - 4 scrolls of teleportation {unknown}
 l - 2 scrolls of blinking {unknown}
 p - a scroll of identify {unknown}
 q - a scroll of magic mapping {unknown}
 t - 3 scrolls of fog {unknown}
 x - a scroll of immolation {unknown}
 A - 2 scrolls of amnesia {unknown}
 C - 2 scrolls of remove curse {unknown}
 H - a scroll of fear {unknown}
 I - 2 scrolls of noise {unknown}
 T - a scroll of enchant weapon {unknown}
 V - a scroll of acquirement {unknown}
Potions
 k - 2 potions of curing {unknown}
 o - 4 potions of brilliance {unknown}
 G - 2 potions of agility {unknown}
 J - 2 potions of might {unknown}
 L - a potion of degeneration {unknown}
 R - a potion of cure mutation {unknown}
 S - 3 potions of heal wounds {unknown}
Comestibles
 e - 5 bread rations
 s - 6 meat rations
 B - a slice of pizza
 E - 2 beef jerkies


   Skills:
 + Level 3.7(8.7) Fighting
 - Level 12.1(17.1) Axes
 - Level 2.0(7.0) Throwing
 * Level 4.0(9.0) Armour
 - Level 3.2(8.2) Dodging
 - Level 1.0 Invocations


You had 7 spell levels left.
You didn't know any spells.

Dungeon Overview and Level Annotations

Branches:
Dungeon (6/15)             Temple (1/1) D:4

Altars:
Ashenzari
Dithmenos
Elyvilon
Fedhas
Gozag
Kikubaaqudgha
Makhleb
Nemelex Xobeh
Okawaru
Qazlal
Ru
Sif Muna
Trog
Vehumet
Xom
Yredelemnul
Zin
The Shining One

Shops:
D:5 :

Annotations:
D:3 volk64's ghost, average DsAK


Innate Abilities, Weirdness & Mutations

You reflexively headbutt those who attack you in melee.
You have a pair of horns on your head.


Message History

You barely miss the cyclops.
The cyclops is lightly wounded.
You hit the cyclops.
The cyclops is moderately wounded.
The cyclops hits you!!
* * * LOW HITPOINT WARNING * * *
Unknown command.
Throwing (i - inventory. (,) - cycle):
d - 4 throwing nets
Press: ? - help, Shift-Dir - straight line, f - cyclops
Aim: a cyclops (moderately wounded)
You throw a throwing net. The throwing net hits the cyclops.
The cyclops is too large for the net to hold!
The cyclops is moderately wounded.
Unknown command.
The cyclops throws a large rock.
The large rock barely misses you.
The cyclops throws a large rock.
The large rock hits you.
* * * LOW HITPOINT WARNING * * *
You see here a large rock.
The cyclops throws a large rock.
The large rock hits you!!
You die...

####### ##.......# #.# ###
##.....####........## #.#
#.####...##..##..........###.#
##.#....####....####.........##
##.#.....###....#####.....###..#
##.###....#.....(..........#
#### #.##
##......###.......##.## ###
#.....####.......#.##
#..##.....@..(.C.#.#
##.#####...##.....(## #.##
##....###.....# #####.#
##....####..###.#
#....####......##..## #..
#.................## #.#
##................# >#
##..........####.## #
#....#....## #..###


You could see a cyclops.

Vanquished Creatures
  A hippogriff (D:5)
  An ice beast (D:6)
  A water moccasin (D:6)
  A sky beast (D:6)
  A phantom (D:4)
  An orc warrior (D:6)
  2 ogres (D:4)
  2 centaurs (D:5)
  A giant frog (D:6)
  2 scorpions
  2 hounds
  2 crimson imps (D:5)
  2 orc wizards (D:6)
  3 orc priests
  A worker ant (D:5)
  A giant frog skeleton (D:6)
  A hound skeleton (D:4)
  An adder (D:2)
  2 shadow imps
  An adder skeleton (D:5)
  3 worms
  7 giant geckos
  14 orcs
  15 bats
  A bat skeleton (D:4)
  A bat zombie (D:6)
  8 giant cockroaches
  12 goblins
  10 hobgoblins
  6 jackals
  7 kobolds
  4 quokkas
  A ball python (D:2)
  13 giant newts
  13 rats
  A butterfly (D:4)
145 creatures vanquished.

Notes
Turn   | Place    | Note
--------------------------------------------------------------
     0 | D:1      | abixa the Minotaur Gladiator began the quest for the Orb.
     0 | D:1      | Reached XP level 1. HP: 18/18 MP: 0/0
   108 | D:1      | Reached skill level 4 in Axes
   154 | D:1      | Reached XP level 2. HP: 23/25 MP: 1/1
   929 | D:2      | Reached skill level 5 in Axes
   984 | D:2      | Reached XP level 3. HP: 30/30 MP: 0/2
  1233 | D:2      | Found a shimmering altar of Xom.
  1555 | D:2      | Reached XP level 4. HP: 35/37 MP: 3/3
  1641 | D:2      | Reached skill level 6 in Axes
  1803 | D:3      | Found an opulent altar of Gozag.
  1803 | D:3      | Found a glowing silver altar of Zin.
  2000 | D:3      | Noticed volk64's ghost (average DsAK)
  2303 | D:4      | Noticed a phantom
  2376 | D:4      | Killed a phantom
  2376 | D:4      | Reached skill level 7 in Axes
  2376 | D:4      | Reached XP level 5. HP: 27/42 MP: 2/4
  2510 | D:4      | Noticed an ogre
  2527 | D:4      | Killed an ogre
  2527 | D:4      | Reached skill level 8 in Axes
  2527 | D:4      | Reached XP level 6. HP: 50/50 MP: 5/5
  2915 | D:4      | Found a burning altar of Makhleb.
  3019 | D:4      | Found a staircase to the Ecumenical Temple.
  3024 | Temple   | Entered the Ecumenical Temple
  3104 | Temple   | Became a worshipper of Warmaster Okawaru
  3195 | D:4      | Noticed an ogre
  3200 | D:4      | Killed an ogre
  3200 | D:4      | Reached skill level 9 in Axes
  3692 | D:5      | Entered Level 5 of the Dungeon
  3698 | D:5      | Reached XP level 7. HP: 35/56 MP: 3/6
  3817 | D:5      | Found Lynk's Book Emporium.
  3854 | D:5      | Reached skill level 10 in Axes
  3915 | D:5      | Noticed a hippogriff
  3921 | D:5      | Killed a hippogriff
  3921 | D:5      | Acquired Okawaru's first power
  4163 | D:5      | Reached skill level 11 in Axes
  4309 | D:6      | Noticed a cyclops
  4485 | D:6      | Reached skill level 1 in Invocations
  4674 | D:6      | Found a sacrificial altar of Ru.
  4729 | D:6      | Reached XP level 8. HP: 54/62 MP: 5/7
  4987 | D:6      | Reached skill level 12 in Axes
  5360 | D:6      | Hit by a large rock thrown by a cyclops

Vault maps used:
D:1:      kilobyte_arrival_exit_the_forest
D:2:      old_standard_altar, minmay_lizard_king
D:3:      grunt_temple_overflow_gold_and_silver
D:4:      makhleb_blood_cavern_becter, minmay_temple_entry_butterflies,
          first_bread
D:5:      serial_shops, shop, kennysheep_nondescript, kennysheep_pointless_box,
          kennysheep_windowed_goal
D:6:      lemuel_crystal_altar, kennysheep_little_box
Temple:   nicolae_temple_god_jail

Action                   |  1- 3 |  4- 6 |  7- 9 || total
-------------------------+-------+-------+-------++-------
Melee: War axe           |   109 |   134 |   163 ||   406
 Fire: Blowgun           |       |       |     4 ||     4
Throw: Stone             |       |    11 |     4 ||    15
       Throwing net      |       |       |     1 ||     1
Invok: Heroism           |       |       |     1 ||     1
  Eat: Chunk             |     2 |     6 |     6 ||    14
